 Dungeon Crawl Stone Soup version 0.28-a0-983-g1de4e0787c (webtiles) character file.

Game seed: 5511259191585047501

1077 kae the Changer (level 8, -3/59 HPs)
             Began as a Pale Draconian Transmuter on Dec 2, 2021.
             Succumbed to a kobold brigand's poison
             ... on level 6 of the Dungeon.
             The game lasted 00:04:45 (6972 turns).

kae the Changer (Pale Draconian Transmuter)         Turns: 6972, Time: 00:04:46

Health: -3/59      AC:  2    Str: 13    XL:     8   Next: 8%
Magic:  11/13      EV: 19    Int: 16    God:
Gold:   392        SH:  5    Dex: 16    Spells: 6/14 levels left

rFire   + . .      SeeInvis .     - Unarmed
rCold   . . .      Faith    .   (shield currently unavailable)
rNeg    . . .      Spirit   .   (armour unavailable)
rPois   x          Reflect  +   (helmet currently unavailable)
rElec   .          Harm     .   (cloak currently unavailable)
rCorr   .          Rampage  .   (gloves currently unavailable)
Will    .....                   (boots currently unavailable)
Stlth   +.........              l - amulet of reflection
HPRegen 0.19/turn               e - ring of protection from fire
MPRegen 0.13/turn               (no ring)

@: lethally poisoned (-3 -> -59), spider-form
A: venomous fangs, (breathe steam), AC +6, tiny, unfitting armour,
(cold-blooded), (steam resistance)
a: End Transformation


You were on level 6 of the Dungeon.
You were a venomous arachnid creature.
You visited 1 branch of the dungeon, and saw 6 of its levels.

You collected 392 gold pieces.

Inventory:

Armour
 m - a scarf of repulsion (melded)
Jewellery
 e - a ring of protection from fire (left front leg)
 l - an amulet of reflection (around neck)
Wands
 g - a wand of digging (3)
 i - a wand of flame (17) (quivered)
 o - a wand of paralysis (8)
Scrolls
 a - a scroll of identify
 b - a scroll of magic mapping
 h - 2 scrolls of fog
Potions
 c - 2 potions of attraction {unknown}
 d - 2 potions of resistance
 f - a potion of haste
 j - a potion of ambrosia
 k - a potion of degeneration {unknown}
 n - a potion of magic {unknown}
 p - a potion of brilliance {unknown}


   Skills:
 - Level 1.1 Fighting
 - Level 1.7 Dodging
 + Level 4.7 Unarmed Combat
 + Level 3.8 Spellcasting
 * Level 5.7 Transmutations
 * Level 4.3 Ice Magic
 - Level 1.0 Poison Magic
 + Level 3.0 Evocations


You had 6 spell levels left.
You knew the following spells:

 Your Spells              Type           Power      Damage    Failure   Level
a - Beastly Appendage     Tmut           42%        N/A       7%          1
b - Spider Form           Tmut/Pois      13%        N/A       30%         3
c - Ice Form              Ice/Tmut       19%        N/A       43%         4

Your spell library contained the following spells:

 Spells                   Type           Power      Damage    Failure   Level
 Wereblood                Tmut           21%        N/A       10%         2


Dungeon Overview and Level Annotations

Branches:
Dungeon (6/15)             Temple (0/1) D:4

Altars:
Ashenzari

Shops:
D:2 *


Innate Abilities, Weirdness & Mutations

You are a venomous arachnid creature.
You have poisonous fangs.
You are tiny and dextrous.
Your spellcasting is less reliable in this form.
Your armour is entirely melded.
You are incapable of wielding weapons or throwing items.
((You can breathe blasts of scalding, opaque steam.))
((Your pale cyan-grey scales are hard. (AC +6)))
You cannot fit into any form of body armour.
((You are cold-blooded and may be slowed by cold attacks.))
((You are immune to the effects of steam.))


Message History

A kobold comes into view. It is wielding a +0 dagger.
The kobold brigand hits you with a +1 short sword of venom!
The kobold moves out of view.
You hit the kobold brigand but do no damage.
The kobold brigand is poisoned.
The kobold brigand is moderately wounded.
You block the kobold brigand's attack.
You barely miss the kobold brigand.
The kobold brigand is moderately wounded.
You block the kobold brigand's attack.
You closely miss the kobold brigand.
The kobold brigand is moderately wounded.
The kobold brigand misses you.
You barely miss the kobold brigand.
The kobold brigand is moderately wounded.
The kobold brigand barely misses you.
You hit the kobold brigand.
The kobold brigand is heavily wounded.
The kobold brigand hits you with a +1 short sword of venom.
You are poisoned.
You closely miss the kobold brigand.
The kobold brigand is heavily wounded.
You feel very sick. The kobold brigand closely misses you.
You hit the kobold brigand but do no damage.
The kobold brigand looks even sicker.
The kobold brigand is heavily wounded.
You feel very sick.
The kobold brigand hits you with a +1 short sword of venom!
You hit the kobold brigand.
The kobold brigand looks as sick as possible!
The kobold brigand is severely wounded.
You feel very sick.
The kobold brigand hits you with a +1 short sword of venom!
* * * LOW HITPOINT WARNING * * *
You are more poisoned.
You hit the kobold brigand.
The kobold brigand looks as sick as possible!
The kobold brigand is severely wounded.
You die...

# #+# #.# # #.# #.# ######
#######.#####.# .....+
+.............# ######
#####.#.####### # #.#.##.. #
#########.#.##.#
########.........#.##.#######
.........#######s#...........
#######..#.......K.K..#######.
#..#.#####.####....)ยง.K.
#..#.# #.# #.###.#.#K #..#.#
#.# #.# #..#.# #.# #.# #..#.#
#.# #.# #..#.# #.# #.. #..#.#
#.# ###


You could see a kobold brigand (extremely poisoned) and a kobold.

Vanquished Creatures
  Eustachio (D:5)
  An orc warrior (D:5)
  A hornet zombie (D:6)
  A centaur (D:5)
  A wyvern zombie (D:6)
  A bullfrog zombie (D:5)
  A centaur zombie (D:5)
  2 hounds
  3 orc priests
  3 centaur skeletons
  A gnoll shaman (D:4)
  2 iguanas
  2 howler monkey zombies
  6 gnolls
  5 adders
  2 worms (D:2)
  5 dart slugs
  9 orcs
  7 endoplasms
  3 giant cockroaches
  4 goblins
  11 hobgoblins
  4 jackals (D:2)
  4 quokkas
  8 ball pythons
  7 bats
  4 frilled lizards
  8 kobolds
  7 rats
114 creatures vanquished.

Notes
Turn   | Place    | Note
-------+----------+-------------------------------------------
     0 | D:1      | kae the Draconian Transmuter began the quest for the Orb.
     0 | D:1      | Reached XP level 1. HP: 16/16 MP: 3/3
   276 | D:1      | Reached XP level 2. HP: 23/23 MP: 3/5
   306 | D:1      | You fall into a shaft and drop 1 floor!
   531 | D:2      | Found a broken altar of Ashenzari.
   726 | D:2      | Reached XP level 3. HP: 22/28 MP: 4/6
   732 | D:2      | Learned a level 3 spell: Spider Form
   989 | D:2      | Found Cakhuimo's General Store.
  1002 | D:2      | Reached skill level 3 in Transmutations
  1160 | D:1      | Found a faded altar of an unknown god.
  1531 | D:1      | Reached XP level 4. HP: 35/35 MP: 5/7
  1536 | D:1      | Learned a level 4 spell: Ice Form
  3015 | D:3      | Reached skill level 1 in Ice Magic
  3087 | D:3      | Reached XP level 5. HP: 40/40 MP: 7/9
  3150 | D:3      | Reached skill level 1 in Poison Magic
  3152 | D:3      | Reached skill level 4 in Transmutations
  3754 | D:4      | Reached skill level 1 in Evocations
  3754 | D:4      | Reached XP level 6. HP: 46/47 MP: 8/10
  4275 | D:4      | Found a staircase to the Ecumenical Temple.
  4986 | D:5      | Entered Level 5 of the Dungeon
  5154 | D:5      | Noticed Eustachio
  5154 | D:5      | Noticed an orc warrior
  5195 | D:5      | Your scales start taking on a pale cyan-grey colour.
  5195 | D:5      | Reached XP level 7. HP: 26/52 MP: 5/11
  5195 | D:5      | Gained mutation: You are immune to the effects of steam.
                  | [Pale Draconian growth]
  5202 | D:5      | Killed Eustachio
  5203 | D:5      | Reached skill level 5 in Transmutations
  6405 | D:6      | Identified the +2 leather armour of the Sky {rC+ Dex+3}
  6665 | D:6      | Reached XP level 8. HP: 7/59 MP: 11/13
  6972 | D:6      | Succumbed to a kobold brigand's poison

Illustrated notes

Levels and vault maps discovered:
D:1:      dpeg_arrival_snail, layout_loops_ring,
          shapermc_ecumenical_altar_pompeii, minmay_crystal_water
D:2:      layout_basic, basic_altar, serial_shops,
          nicolae_shop_advertising_works [nicolae_subvault_shop_adworks]
D:3:      layout_loops_ring, hangedman_abyss_or_decor_lesser_grid
D:4:      layout_basic, minmay_temple_entry_nine_rooms
D:5:      layout_cave_pools, chequers_serial_rivers_large_b,
          nrook_mini_backslash, uniq_eustachio
D:6:      layout_basic, uniq_maggie

Skill      XL: |  1  2  3  4  5  6  7 |
---------------+----------------------+-----
Transmutations | 3 4 5 |  5.7
Ice Magic      | 1 2 3 4 |  4.3
Poison Magic   | 1 |  1.0
Spellcasting   | 3 |  3.8
Evocations     | 1 2 3 |  3.0
Unarmed Combat | 4 |  4.7
Fighting       | |  1.1
Dodging        | |  1.7

Action                   |  1- 3 |  4- 6 |  7- 9 || total
-------------------------+-------+-------+-------++-------
Melee: Unarmed           |    98 |   185 |    44 ||   327
       Kick              |    13 |    24 |     6 ||    43
       Headbutt          |     7 |     7 |     2 ||    16
       Tailslap          |     3 |    11 |     2 ||    16
       Punch             |     1 |     1 |     1 ||     3
 Cast: Beastly Appendage |    24 |    31 |     5 ||    60
       Spider Form       |     2 |     6 |     1 ||     9
 Abil: Breathe Steam     |       |       |     5 ||     5
Evoke: Wand              |       |    12 |    19 ||    31
  Use: Scroll            |     2 |     4 |     2 ||     8
       Potion            |       |     1 |       ||     1
 Stab: Sleeping          |     2 |     1 |       ||     3
Armor: Skin              |    46 |    50 |     6 ||   102
Dodge: Dodged            |    77 |   141 |    19 ||   237
       Repelled          |       |     1 |       ||     1
Block: Other             |       |    18 |     6 ||    24

Table legend: (Time is in decaauts)
 A = Elapsed time spent in this place.
 B = Non-inter-level travel time spent in this place.
 C = Inter-level travel time spent in this place.
 D = Time resting spent in this place.
 E = Time spent auto-exploring this place.
 F = Levels seen in this place.
 G = Mean time per level.
                   A        B        C        D        E       F      G
               +--------+--------+--------+--------+--------+-----+--------+
         Total |   7001 |   6801 |    200 |    192 |   5689 |   6 | 1166.8 |
       Dungeon |   7001 |   6801 |    200 |    192 |   5689 |   6 | 1166.8 |
               +--------+--------+--------+--------+--------+-----+--------+

Top non-repeatable levels by time:
     D:2: 1504 daAuts
     D:4: 1483 daAuts
     D:6: 1050 daAuts
     D:1: 1026 daAuts
     D:5: 977 daAuts
     D:3: 958 daAuts
